 Dungeon Crawl Stone Soup version 0.31-a0-662-g684573625c (webtiles) character file.

Game seed: 2795085197480476423

316 Descartes the Conjurer (level 6, -3/32 HPs)
             Began as a Deep Elf Conjurer on Sept 1, 2023.
             Killed from afar by Sigmund (9 damage)
             ... with a magic dart
             ... on level 4 of the Dungeon.
             The game lasted 00:05:51 (3924 turns).

Descartes the Conjurer (Deep Elf Conjurer)          Turns: 3924, Time: 00:05:52

Health: -3/32      AC:  2    Str:  4    XL:     6   Next: 20%
Magic:  12/15      EV: 13    Int: 25    God:
Gold:   270        SH:  0    Dex: 13    Spells: 14/15 levels left

rFire   . . .        m - staff of conjuration
rCold   . . .        (no shield)
rNeg    . . .        a - +0 robe
rPois   .            (no helmet)
rElec   .            (no cloak)
rCorr   .            (no gloves)
SInv    .            (no boots)
Will    .....        (no amulet)
Stlth   +            (no ring)
HPRegen 0.25/turn    (no ring)
MPRegen 0.14/turn

%: no passive effects
@: confused
A: no striking features
a: no special abilities


You were on level 4 of the Dungeon.
You visited 1 branch of the dungeon, and saw 4 of its levels.

You collected 270 gold pieces.

Inventory:

Missiles
 q - 4 atropa-tipped darts
Armour
 a - a +0 robe (worn)
Magical Staves
 m - a staff of conjuration (weapon)
Jewellery
 s - a ring of protection from fire
Wands
 p - a wand of iceblast (9)
Scrolls
 c - 2 scrolls of enchant weapon {unknown}
 e - 7 scrolls of identify {unknown}
 h - a scroll of amnesia {unknown}
 j - a scroll of noise {unknown}
 k - a scroll of silence {unknown}
 l - 3 scrolls of teleportation {unknown}
 r - a scroll of fear {unknown}
Potions
 b - a potion of magic
 d - 2 potions of berserk rage {unknown}
 f - 4 potions of curing
 g - a potion of degeneration {unknown}
 i - a potion of haste {unknown}
 n - a potion of attraction {unknown}
 o - a potion of lignification {unknown}


   Skills:
 + Level 4.3 Dodging
 + Level 4.7 Stealth
 + Level 5.1 Spellcasting
 + Level 5.6 Conjurations


You had 14 spell levels left.
You knew the following spells:

 Your Spells              Type           Power      Damage    Failure   Level
a - Magic Dart            Conj           100%       1d8       1%          1

Your spell library contained the following spells:

 Spells                   Type           Power      Damage    Failure   Level
 Searing Ray              Conj           100%       2d8       1%          2
 Foxfire                  Conj/Fire      100%       2x1d9     2%          1
 Dazzling Flash           Conj/Hex       60%        N/A       8%          3
 Stone Arrow              Conj/Erth      60%        3d10      8%          3
 Fulminant Prism          Conj/Hex       15%        3d10      26%         4
 Iskenderun's Mystic Bla  Conj/Tloc      30%        2d8       26%         4
 Animate Armour           Summ/Erth      12%        N/A       63%         4
 Starburst                Conj/Fire      15%        6d6       98%         6
 Plasma Beam              Fire/Air       3%         2x1d13    100%        6
 Lehudib's Crystal Spear  Conj/Erth      15%        10d5      100%        8


Dungeon Overview and Level Annotations

Branches:
Dungeon (4/15)
 Temple: D:4-7

Altars:
Kikubaaqudgha
Vehumet

Annotations:
D:4 exclusion: statue, Sigmund


Message History

Aiming: Magic Dart (safe; 1% risk of failure)
Press: ? - help, Shift-Dir - straight line, f/p - Sigmund
Aim: Sigmund, wielding a +2 scythe of freezing and wearing a +0 robe (severely wounded, 100% to hit)
You feel a surge of power!
The magic dart hits Sigmund!
Sigmund is almost dead.
Sigmund closely misses you.
Casting: Magic Dart (safe; 1% risk of failure)
Confirm with . or Enter, or press ? or * to list all spells.
Aiming: Magic Dart (safe; 1% risk of failure)
Press: ? - help, Shift-Dir - straight line, f/p - Sigmund
Aim: Sigmund, wielding a +2 scythe of freezing and wearing a +0 robe (almost dead, 100% to hit)
You feel a surge of power!
The magic dart hits Sigmund.
Sigmund is almost dead.
Sigmund mumbles some strange words.
Sigmund flickers and vanishes!
Deactivating autopickup; reactivate with Ctrl-A.
Casting: Magic Dart (safe; 1% risk of failure)
Confirm with . or Enter, or press ? or * to list all spells.
You can't see any susceptible monsters within range! (Use Z to cast anyway.) Unknown command.
Casting: Magic Dart (safe; 1% risk of failure)
Confirm with . or Enter, or press ? or * to list all spells.
You can't see any susceptible monsters within range! (Use Z to cast anyway.) Unknown command.
Casting: Magic Dart (safe; 1% risk of failure)
Confirm with . or Enter, or press ? or * to list all spells.
You can't see any susceptible monsters within range! (Use Z to cast anyway.) Unknown command.
Something hits you! Something freezes you.
A magic dart appears from out of thin air!
The magic dart hits you!
* * * LOW HITPOINT WARNING * * *
A puff of flame appears from out of thin air!
The puff of flame hits you.
* * * LOW HITPOINT WARNING * * *
There is an open door here.
You are confused.
A magic dart appears from out of thin air!
The magic dart hits you!
You die...

.......#.........##.....##...#
..##...#.........#########..##
...#...#..##.....##.....##..#####
P......#..#########.............#
.......#.........######'##......#
..P....#.........##)..{.##......#
......##.........................
......##.......<.................
..P.............@##+######...##..
..........##.....##.....###### #+
P.........##.....##.....#
...........#............#
..#........#............#
#..#..##..##.##..##'###.#
########..##.##..##..##
#...........#...#
#...........#<..#


There were no monsters in sight!

Vanquished Creatures
  An ogre (D:3)
  Natasha (twice) (D:3)
  Terence (D:3)
  5 gnolls
  4 adders
  An ufetubus (D:4)
  A dart slug (D:3)
  4 orcs (D:4)
  5 endoplasms
  2 giant cockroaches
  5 goblins
  5 hobgoblins
  2 quokkas (D:1)
  6 ball pythons
  3 bats
  A frilled lizard (D:1)
  14 kobolds
  6 rats
68 creatures vanquished.

Notes
Turn   | Place    | Note
-------+----------+-------------------------------------------
     0 | D:1      | Descartes the Deep Elf Conjurer began the quest for the
                  | Orb.
     0 | D:1      | Reached XP level 1. HP: 10/10 MP: 6/6
   303 | D:1      | Reached XP level 2. HP: 15/15 MP: 4/8
   593 | D:1      | Reached XP level 3. HP: 19/19 MP: 6/10
   990 | D:2      | Found a faded altar of an unknown god.
  1880 | D:2      | Reached XP level 4. HP: 4/24 MP: 6/12
  2071 | D:3      | Noticed Natasha
  2080 | D:3      | Killed Natasha
  2081 | D:3      | Reached skill level 5 in Conjurations
  2215 | D:3      | Noticed Natasha
  2219 | D:3      | Killed Natasha
  2390 | D:3      | Noticed Terence
  2399 | D:3      | Killed Terence
  2400 | D:3      | Reached XP level 5. HP: 28/28 MP: 4/13
  2473 | D:3      | Found a faded altar of an unknown god.
  2477 | D:3      | Found an ancient bone altar of Kikubaaqudgha.
  3042 | D:4      | Noticed an ogre
  3060 | D:3      | Killed an ogre
  3250 | D:4      | Reached XP level 6. HP: 32/32 MP: 7/15
  3363 | D:4      | Found a radiant altar of Vehumet.
  3512 | D:4      | Reached skill level 5 in Spellcasting
  3903 | D:4      | Noticed Sigmund
  3924 | D:4      | Killed from afar by Sigmund

Illustrated notes

Levels and vault maps discovered:
D:1:      sevenhm_arrival_forest_fort_large_4, layout_basic
D:2:      layout_basic, ebering_ecumenical_altar_petrified
D:3:      layout_loops_corners, nicolae_overflow_ecumenical_swirl, uniq_natasha,
          uniq_terence
D:4:      layout_gridville, vehumet_statue, minmay_temple_entry_enclosed_plants,
          minmay_misc_feat_plants, uniq_sigmund

Skill      XL: |  1  2  3  4  5  6 |
---------------+-------------------+-----
Stealth        | 3 4 |  4.7
Dodging        | 3 4 |  4.3
Spellcasting   | 4 5 |  5.1
Conjurations   | 5 |  5.6

Action                     |  1- 3 |  4- 6 || total
---------------------------+-------+-------++-------
   Cast: Magic Dart        |    77 |    94 ||   171
    Use: Potion            |       |     1 ||     1
 Armour: Robe              |     7 |    15 ||    22
  Dodge: Dodged            |     5 |    13 ||    18

Table legend: (Time is in decaauts)
 A = Elapsed time spent in this place.
 B = Non-inter-level travel time spent in this place.
 C = Inter-level travel time spent in this place.
 D = Time resting spent in this place.
 E = Time spent auto-exploring this place.
 F = Levels seen in this place.
 G = Mean time per level.
                   A        B        C        D        E       F      G
               +--------+--------+--------+--------+--------+-----+--------+
         Total |   3923 |   3832 |     91 |      0 |   3509 |   4 |  980.8 |
       Dungeon |   3923 |   3832 |     91 |      0 |   3509 |   4 |  980.8 |
               +--------+--------+--------+--------+--------+-----+--------+

Top non-repeatable levels by time:
     D:3: 1113 daAuts
     D:1: 990 daAuts
     D:2: 988 daAuts
     D:4: 832 daAuts
